AoeStats
← TAFKAP

Arabia

510412556Analyzed
1v1 RM · 3d ago on Sep 30, 2026· 16m 45s· 2 players
Game mode
Random Map
Map size
Tiny (2 player)
Population
200
Speed
Normal
Resources
Standard
Victory
Conquest
Starting age
Dark Age
Ending age
Imperial Age
RankedLock teamsTeams togetherTeam positionsShared explorationLock speedFull tech treeHidden civsTurbo modeCheats
Victory
Defeat
🇩🇪 Sicilians · Germany
823
+16
🇨🇴 Khitans · Colombia
827
-16
TAFKAP
6:37 Loom
9:58 Feudal Age
10:31 Double-Bit Axe
17:04 Scale Mail Armor
danielckbravo
3:22 Loom
10:06 Feudal Age
10:40 Double-Bit Axe
12:27 Man-at-Arms
15:05 Forging
16:15 Arson
16:51 Domestication
Connection lost

Rejoining the realm…

Still unreachable

The connection could not be restored.

Session expired

The server has moved on; the page needs a fresh start.